AoeStats
← 765611984506

Nomad

510122518Analyzed
4v4 RM · 1d ago on Sep 29, 2026· 43m 17s· 8 players
Game mode
Random Map
Map size
231×231
Population
200
Speed
Normal
Resources
Standard
Victory
Conquest
Starting age
Dark Age
Ending age
Imperial Age
RankedLock teamsTeams togetherTeam positionsShared explorationLock speedFull tech treeHidden civsTurbo modeCheats
Victory
Defeat
🇷🇺 Malians · Russia
1240
+12
🇹🇷 Celts · Türkiye
1217
+13
🇩🇪 Mongols · Germany
1173
+15
🇯🇵 Koreans · Japan
1153
+16
🇨🇳 Saxons · China
1225
-17
🇹🇼 Bohemians · Taiwan
1145
-14
🇹🇼 Mongols · Taiwan
1134
-36
🇹🇼 Teutons · Taiwan
1108
-12
Idle
4:14 Loom
13:20 Feudal Age
14:36 Town Watch
17:45 Castle Age
16:05 Double-Bit Axe
16:39 Fletching
16:45 Gold Mining
17:47 Stone Mining
17:45 Fishing Lines
21:17 Bow Saw
26:13 Wheelbarrow
25:22 Horse Collar
26:51 Bodkin Arrow
27:30 Ballistics
28:42 Hand Cart
28:36 Heavy Plow
33:55 Imperial Age
32:39 Gold Shaft Mining
32:14 Husbandry
32:29 Bloodlines
32:57 Light Cavalry
33:45 Thumb Ring
34:05 Padded Archer Armor
35:47 Bracer
36:50 Chemistry
36:25 Town Patrol
36:45 Leather Archer Armor
37:34 Masonry
38:11 Conscription
38:44 Elite Mangudai
39:35 Scale Barding Armor
39:41 Forging
peace for the world
5:07 Loom
Moa
5:12 Loom
14:42 Feudal Age
18:30 Castle Age
28:16 Horse Collar
28:49 Forging
34:02 Squires
34:47 Arson
yalavuu
2:57 Loom
15:22 Feudal Age
16:52 Double-Bit Axe
19:46 Castle Age
17:55 Gold Mining
18:39 Horse Collar
19:18 Forging
18:33 Man-at-Arms
20:00 Long Swordsman
21:23 Gambesons
27:18 Scale Mail Armor
27:56 Wheelbarrow
27:07 Town Watch
32:12 Bow Saw
34:00 Iron Casting
33:41 Chain Mail Armor
36:22 Imperial Age
34:17 Arson
36:43 Two-Handed Swordsman
38:28 Blast Furnace
37:58 Plate Mail Armor
41:52 Champion
Minneapolis
3:16 Loom
13:56 Feudal Age
13:56 Feudal Age
15:41 Double-Bit Axe
16:56 Fishing Lines
19:43 Castle Age
20:58 Bow Saw
20:48 Gillnets
21:59 Wheelbarrow
28:57 Imperial Age
26:33 Squires
26:52 Horse Collar
28:22 Scale Mail Armor
29:13 Arson
29:50 Chain Mail Armor
32:04 Plate Mail Armor
31:44 Forging
31:25 Gambesons
32:05 Gambesons
33:20 Forging
33:40 Conscription
34:01 Elite Varangian Guard
34:48 Gold Mining
36:28 Iron Casting
36:48 Heavy Plow
38:03 Ballistics
37:42 Fletching
39:31 Chemistry
39:28 Bodkin Arrow
40:34 Shield Wall
LOUIS文
8:24 Loom
16:47 Feudal Age
18:39 Double-Bit Axe
27:03 Castle Age
25:54 Fletching
37:05 Bow Saw
43:37 Padded Archer Armor
765611984506
5:36 Loom
17:01 Feudal Age
18:32 Horse Collar
18:57 Man-at-Arms
19:53 Double-Bit Axe
20:54 Arson
21:55 Stone Mining
25:01 Castle Age
23:20 Fletching
23:31 Padded Archer Armor
24:30 Gold Mining
26:35 Bodkin Arrow
30:35 Wheelbarrow
33:32 Fishing Lines
34:52 Gillnets
35:37 Bow Saw
43:43 Hand Cart
:D:D:D:D
3:15 Loom
15:51 Feudal Age
16:20 Double-Bit Axe
21:46 Castle Age
20:09 Stone Mining
21:17 Horse Collar
33:09 Bow Saw
39:35 Gold Mining
40:44 Stone Shaft Mining
Connection lost

Rejoining the realm…

Still unreachable

The connection could not be restored.

Session expired

The server has moved on; the page needs a fresh start.